 Dungeon Crawl Stone Soup version 0.27-a0-1301-g128193abf8 (webtiles) character file.

Game seed: 4598307153011715878

24 Leszczynek the Chopper (level 3, -4/29 HPs)
             Began as a Human Berserker on June 17, 2021.
             Was a Follower of Trog.
             Slain by an adder (5 damage)
             ... on level 2 of the Dungeon.
             The game lasted 00:02:26 (180 turns).

Leszczynek the Chopper (Human Berserker)             Turns: 180, Time: 00:02:26

Health: -4/29      AC:  2    Str: 18    XL:     3   Next: 15%
Magic:  3/3        EV: 12    Int:  7    God:    Trog [*.....]
Gold:   11         SH:  0    Dex: 12    Spells: 2/2 levels left

rFire    . . .     SeeInvis .   a - +0 hand axe
rCold    . . .     Faith    .   (no shield)
rNeg     . . .     Spirit   .   b - +0 animal skin
rPois    .         Reflect  .   (no helmet)
rElec    .         Harm     .   (no cloak)
rCorr    .         Rampage  .   (no gloves)
Will     .....                  (no boots)
Stlth    +.........             (no amulet)
HPRegen  0.09/turn              (no ring)
MPRegen  0.08/turn              (no ring)

@: lethally poisoned (-4 -> -7), on berserk cooldown, slowed, very slow
A: no striking features
a: Renounce Religion, Berserk


You were on level 2 of the Dungeon.
You worshipped Trog.
Trog was aware of your devotion.
You visited 1 branch of the dungeon, and saw 2 of its levels.

You collected 11 gold pieces.

Inventory:

Hand Weapons
 a - a +0 hand axe (weapon)
Missiles
 c - 2 atropa-tipped darts (quivered)
Armour
 b - a +0 animal skin (worn)


   Skills:
 - Level 3.0 Fighting
 + Level 3.9 Axes
 - Level 2.0 Armour
 - Level 2.1 Dodging


You had 2 spell levels left.
You didn't know any spells.
Your spell library was empty.

Dungeon Overview and Level Annotations

Branches:
Dungeon (2/15)

Altars:

Shops:
D:1 =(


Message History

You are poisoned.
The adder poisons you!
You completely miss the adder.
The adder is almost dead.
You feel sick. The adder closely misses you.
You miss the adder.
The adder is almost dead.
You are no longer berserk.
You are exhausted.
You feel yourself slow down.
You feel sick. The adder closely misses you.
You miss the adder.
The adder is almost dead.
You feel sick.
You are no longer poisoned.
The adder closely misses you. The adder bites you.
You are poisoned.
The adder poisons you!
You closely miss the adder.
The adder is almost dead.
You feel very sick. The adder bites you.
An endoplasm comes into view.
The adder completely misses you. The adder misses you.
You aren't carrying any potions.
You miss the adder.
The adder is almost dead.
You feel sick. The adder bites you.
You are more poisoned.
The adder poisons you! The adder bites you.
* * * LOW HITPOINT WARNING * * *
Unknown command.
You aren't carrying any potions.
Enter note: miss miss missm issmismissmismimsssmimissmsmismissmiss
Enter note: dead You completely miss the adder.
The adder is almost dead.
* * * LOW HITPOINT WARNING * * *
You feel very sick. The adder bites you.
You die...

#. .# #.#
#.# #..##
.. #..##
.#
#<.##.####
##.#.....
#.#..#
###....#
#..)@..#
#.##S†##
#. #..# #
#... ..#.#
..#..
.....#
...####


You could see an adder.

Vanquished Creatures
  An adder (D:2)
  A dart slug (D:1)
  An endoplasm (D:1)
  2 giant cockroaches
  A goblin (D:1)
  A hobgoblin (D:1)
  A ball python (D:2)
  2 bats (D:1)
  2 kobolds
  A rat (D:1)
13 creatures vanquished.

Vanquished Creatures (others)
  2 plants (D:2)
2 creatures vanquished.

Grand Total: 15 creatures vanquished

Notes
Turn   | Place    | Note
-------+----------+-------------------------------------------
     0 | D:1      | Leszczynek the Human Berserker began the quest for the Orb.
     0 | D:1      | Reached XP level 1. HP: 18/18 MP: 1/1
    40 | D:1      | You are suddenly yanked towards a nearby monster!
    40 | D:1      | Found Obluol's Weapon Shoppe.
    41 | D:1      | Found Oneewaje's Jewellery Boutique.
    85 | D:1      | Reached XP level 2. HP: 16/24 MP: 2/2
   169 | D:2      | Reached XP level 3. HP: 29/29 MP: 3/3
   179 | D:2      | HP: 4/29 [adder (4)]
   180 | D:2      | miss miss missm issmismissmismimsssmimissmsmismissmiss
   180 | D:2      | dead
   180 | D:2      | HP: 1/29 [poisoned by an adder]
   180 | D:2      | Slain by an adder

Illustrated notes

#. .# #.#
#.# #..##
.. #..##
.#
#<.##.####
##.#.....
#.#..#
###....#
#..)@..#
#.##S†##
#. #..# #
#... ..#.#
..#..
J....#
...####


Turn 180 on D:2: miss miss missm issmismissmismimsssmimissmsmismissmiss

Levels and vault maps discovered:
D:1:      dpeg_chamrin_arrival_tetris, layout_rooms, serial_shops, shop,
          nicolae_shop_trees, kennysheep_minor_cross, st_stairs_1
D:2:      layout_rooms, shapermc_ecumenical_altar_mp_ritualfount, uniq_natasha,
          uniq_crazy_yiuf_cottage

Action                   || total
-------------------------++-------
Melee: Hand axe          ||    35
Invok: Berserk           ||     2
Armor: Animal skin       ||     8
Dodge: Dodged            ||    21

Table legend: (Time is in decaauts)
 A = Elapsed time spent in this place.
 B = Non-inter-level travel time spent in this place.
 C = Inter-level travel time spent in this place.
 D = Time resting spent in this place.
 E = Time spent auto-exploring this place.
 F = Levels seen in this place.
 G = Mean time per level.
                   A        B        C        D        E       F      G
               +--------+--------+--------+--------+--------+-----+--------+
         Total |    191 |    191 |      0 |      0 |      0 |   2 |   95.5 |
       Dungeon |    191 |    191 |      0 |      0 |      0 |   2 |   95.5 |
               +--------+--------+--------+--------+--------+-----+--------+

Top non-repeatable levels by time:
     D:1: 172 daAuts
     D:2: 19 daAuts
